 Dungeon Crawl Stone Soup version 0.22-a0-353-g2d6336e (webtiles) character file.

113 iamserjio the Insei (level 4, 0/25 HPs)
             Began as a Tengu Transmuter on Apr 15, 2018.
             Slain by a ball python (1 damage)
             ... on level 3 of the Dungeon.
             The game lasted 00:08:06 (3041 turns).

iamserjio the Insei (Tengu Transmuter)              Turns: 3041, Time: 00:08:07

Health: 0/25       AC:  2    Str: 10    XL:     4   Next: 96%
Magic:  7/8        EV: 11    Int: 13    God:
Gold:   48         SH:  0    Dex: 16    Spells: 1/7 levels left

rFire    . . .     SeeInvis .     - Unarmed
rCold    + . .     Gourm    .   (no shield)
rNeg     . . .     Faith    .   b - +0 robe
rPois    .         Spirit   .   (helmet restricted)
rElec    .         Reflect  .   (no cloak)
rCorr    .         Harm     .   (no gloves)
MR       .....                  (boots unavailable)
Stlth    +.........             (no amulet)
HPRegen  0.08/turn              c - ring of protection from cold
MPRegen  0.11/turn              (no ring)

@: lethally poisoned (0 -> -4), appendage, constricted
A: beak, horns 2, talons 3
a: End Transformation


You were on level 3 of the Dungeon.
You were not hungry.
You had grown temporary horns.
You visited 1 branch of the dungeon, and saw 3 of its levels.

You collected 48 gold pieces.

Inventory:

Missiles
 a - 12 arrows
 m - 66 stones (quivered)
Armour
 b - a +0 robe (worn)
 e - a +0 leather armour
 g - a +0 helmet
 l - a +0 ring mail
Jewellery
 c - a ring of protection from cold (left hand)
Scrolls
 f - 3 scrolls of magic mapping {unknown}
 j - a scroll of teleportation {unknown}
 o - a scroll of identify {unknown}
 r - a scroll of remove curse {unknown}
Potions
 h - 2 potions of invisibility {unknown}
 i - a potion of magic {unknown}
 k - a potion of curing {unknown}
 n - a potion of heal wounds {unknown}
 p - a potion of haste {unknown}
 s - a potion of lignification {unknown}
 t - a potion of agility {unknown}
Comestibles
 d - 2 rations


   Skills:
 - Level 1.0 Fighting
 + Level 3.2 Dodging
 * Level 4.8 Unarmed Combat
 - Level 2.0 Spellcasting
 + Level 2.4 Transmutations


You had one spell level left.
You knew the following spells:

 Your Spells              Type           Power        Failure   Level  Hunger
a - Beastly Appendage     Tmut           #.....       10%         1    ##.....
b - Sticks to Snakes      Tmut           #.......     14%         2    ###....
c - Spider Form           Tmut/Pois      #.........   43%         3    ####...


Dungeon Overview and Level Annotations

Branches:
Dungeon (3/15)

Altars:
Ru
Zin


Innate Abilities, Weirdness & Mutations

You have a beak for a mouth.
You have claws for feet.
You have a pair of horns on your head.


Message History

You feel sick. The adder bites you. The jackal closely misses you.
The jackal bites you but does no damage.
The ball python closely misses you. The ball python constricts you.
The adder barely misses you.
A giant cockroach and a goblin come into view.
You barely miss the adder. Your kick misses the adder.
The adder is heavily wounded.
The jackal bites you.
* * * LOW HITPOINT WARNING * * *
The jackal bites you but does no damage.
The ball python misses you. The ball python constricts you.
The adder bites you.
* * * LOW HITPOINT WARNING * * *
You hit the adder. Your kick misses the adder.
The adder is almost dead.
The jackal misses you. The adder bites you.
* * * LOW HITPOINT WARNING * * *
The ball python bites you.
* * * LOW HITPOINT WARNING * * *
You die...

.. .........#
.# .....g#..#
..s..#...# #
.........####.#
...............
..............#
..g...Shh......
......h@Sg....#
..............#
...#......[...#
. ##.........#
#.........#
##..##....#
##.# ..... #..
.....


You could see an adder, 3 jackals, a giant cockroach, a hobgoblin, 2 goblins and
a ball python.

Vanquished Creatures
  An orc priest (D:2)
  4 adders (D:2)
  An ooze (D:2)
  A dart slug (D:1)
  A worm (D:2)
  2 leopard geckos (D:2)
  An orc (D:2)
  4 giant cockroaches (D:2)
  3 goblins (D:2)
  3 hobgoblins
  3 bats
  2 frilled lizards
  10 kobolds
  2 rats
  A bush (D:2)
39 creatures vanquished.

Vanquished Creatures (others)
  A plant (D:2)
1 creature vanquished.

Grand Total: 40 creatures vanquished

Notes
Turn   | Place    | Note
-------+----------+-------------------------------------------
     0 | D:1      | iamserjio the Tengu Transmuter began the quest for the Orb.
     0 | D:1      | Reached XP level 1. HP: 12/12 MP: 4/4
   651 | D:1      | Reached XP level 2. HP: 16/16 MP: 6/6
   989 | D:2      | Reached skill level 4 in Unarmed Combat
   989 | D:2      | Reached XP level 3. HP: 20/20 MP: 7/7
  1641 | D:2      | Reached XP level 4. HP: 16/25 MP: 5/8
  1792 | D:2      | Learned a level 2 spell: Sticks to Snakes
  1796 | D:2      | Learned a level 3 spell: Spider Form
  1818 | D:2      | Found a sacrificial altar of Ru.
  1927 | D:2      | Found a glowing silver altar of Zin.
  3041 | D:3      | HP: 1/25 [ball python (1)]
  3041 | D:3      | Slain by a ball python

Vault maps used:
D:1:      dpeg_arrival_fog
D:2:      lemuel_doored_altar, zin_statuary, lexackson_kobold_supper
D:3:      portal_sewer_entry_a

Skill      XL: |  1  2  3  4 |
---------------+-------------+-----
Unarmed Combat | 4 |  4.8
Transmutations | 2 |  2.4
Dodging        | 3 |  3.2
Fighting       | |  1.0
Spellcasting   | |  2.0

Action                   |  1- 3 |  4- 6 || total
-------------------------+-------+-------++-------
Melee: Unarmed           |   117 |    39 ||   156
       Kick              |    25 |    11 ||    36
       Peck              |    26 |     5 ||    31
       Headbutt          |     7 |     3 ||    10
       Punch             |     2 |     2 ||     4
 Cast: Beastly Appendage |    14 |     7 ||    21
 Stab: Sleeping          |     4 |     1 ||     5
  Eat: Chunk             |     2 |     5 ||     7
Armor: Robe              |     6 |    13 ||    19
Dodge: Dodged            |    53 |    34 ||    87

Table legend:
 A = Spawn XP
 B = Non-spawn XP
 C = Spawn XP percentage of total XP
 D = Spawn monster count
 E = Non-spawn monster count
 F = Spawn count percentage of total count
 G = Total turns spent on level
                    A         B        C        D         E        F      G
               +---------+---------+-------+---------+---------+-------+---------
         Total |       0 |     162 |   0.0 |       0 |      38 |   0.0 |  3041
               +---------+---------+-------+---------+---------+-------+---------
           D:1 |       0 |      12 |   0.0 |       0 |       8 |   0.0 |   933
           D:2 |       0 |     150 |   0.0 |       0 |      30 |   0.0 |  2098
               +---------+---------+-------+---------+---------+-------+---------
